 Dungeon Crawl Stone Soup version 0.30-a0-691-g754fce4c43 (webtiles) character file.

Game seed: 8776264994293826085

480 bmack86 the Chopper (level 6, 0/55 HPs)
             Began as a Minotaur Fighter on Jan 20, 2023.
             Was a Follower of Okawaru.
             Slain by Menkaure (12 damage)
             ... on level 4 of the Dungeon.
             The game lasted 00:06:20 (2463 turns).

bmack86 the Chopper (Minotaur Fighter)              Turns: 2463, Time: 00:06:21

Health: 0/55       AC: 12    Str: 23    XL:     6   Next: 86%
Magic:  6/6        EV:  6    Int:  5    God:    Okawaru [*.....]
Gold:   163        SH:  4    Dex:  9    Spells: 5/5 levels left

rFire   . . .      SeeInvis .    a - +0 war axe
rCold   . . .      Faith    .    c - +0 buckler
rNeg    . . .      Spirit   .    e - +0 plate armour
rPois   .          Reflect  .    (helmet restricted)
rElec   .          Harm     .    (no cloak)
rCorr   .          Rampage  .    (no gloves)
Will    .....                    (no boots) Stlth
                                 (no amulet)
HPRegen 0.29/turn                (no ring)
MPRegen 0.10/turn                (no ring)

@: no status effects
A: horns 2, retaliatory headbutt
a: Renounce Religion, Heroism


You were on level 4 of the Dungeon.
You worshipped Okawaru.
Okawaru was aware of your devotion.
You visited 1 branch of the dungeon, and saw 4 of its levels.

You collected 163 gold pieces.

Inventory:

Hand Weapons
 a - a +0 war axe (weapon)
Missiles
 l - 4 poisoned darts (quivered)
Armour
 b - a +0 scale mail
 c - a +0 buckler (worn)
 e - a +0 plate armour (worn)
Scrolls
 h - a scroll of teleportation
 j - a scroll of poison {unknown}
 m - a scroll of blinking {unknown}
 n - a scroll of magic mapping {unknown}
 r - 2 scrolls of vulnerability {unknown}
 t - 3 scrolls of noise {unknown}
Potions
 d - a potion of might
 g - 2 potions of curing
 k - a potion of magic
 o - a potion of mutation
 p - a potion of brilliance
 q - 2 potions of lignification
 s - a potion of degeneration {unknown}


   Skills:
 + Level 4.9 Fighting
 * Level 5.3 Axes
 + Level 2.3 Throwing
 + Level 4.9 Armour
 + Level 5.0 Shields
 + Level 1.6 Invocations


You had 5 spell levels left.
You didn't know any spells.
Your spell library contained the following spells:

 Spells                   Type           Power      Damage    Failure   Level
 Apportation              Tloc           0%         N/A       100%        1
 Necrotise                Necr           0%         1d4       100%        1
 Summon Small Mammal      Summ           Unusable   N/A       N/A         1

Dungeon Overview and Level Annotations

Branches:
Dungeon (4/15)
 Temple: D:4-7

Altars:
Hepliaklqana
Kikubaaqudgha
Okawaru
Ru
Zin

Annotations:
D:4 Ijyb, Menkaure


Innate Abilities, Weirdness & Mutations

You have a pair of horns on your head.
You reflexively headbutt those who attack you in melee.


Message History

There is a stone staircase leading up, spattered with blood here.
Things that are here:
a +0 whip; an orc skeleton
Things that are here:
a +0 leather armour; a +2 flail of protection; an orc skeleton
Found a stone staircase leading up.
Found a stone staircase leading down.
A hound comes into view.
The hound barks!
The hound moves out of view.
Menkaure, Prince of Dust comes into view.
Menkaure shouts!
The hound bites you but does no damage.
Ijyb the Twisted Goblin comes into view.
She is wielding a +0 dagger and carrying a wand of flame (18).
Found a scroll labelled WILEKHL MOUBIR.
Ijyb shouts!
Menkaure gestures at you while chanting.
Pain shoots through your body! The hound attacks as you move away!
The hound bites you but does no damage.
Menkaure calls on the powers of darkness!
Your body is wracked with pain!
The hound convulses!
Ijyb convulses!
The hound bites you.
You hit Menkaure.
Menkaure is lightly damaged.
You hit the hound. The hound bites you. Menkaure hits you!
* * * LOW HITPOINT WARNING * * *
You block the hound's attack.
You hit Menkaure.
Menkaure is lightly damaged.
You hit the hound.
You kill the hound!
Okawaru accepts your kill. Menkaure hits you but does no damage.
You barely miss Menkaure.
Menkaure is lightly damaged.
You closely miss Ijyb.
Ijyb zaps a wand.
The puff of flame hits you.
* * * LOW HITPOINT WARNING * * *
Menkaure closely misses you. You furiously retaliate!
You headbutt Menkaure!
You feel better. Ijyb closely misses you. Menkaure hits you!
You die...

# ##..# ###...#.... #
#.####.......... #.
#.# #.>..#......
#<.#.###....#......
###.....##...........
......................
......................
..........##..........
..........#...@.......
.........###..Mg.##...
.......... ##.#.......
#......... ###..###..
...##.... ... ..## .?.
#...


You could see Ijyb and Menkaure.

Vanquished Creatures
  Sigmund (D:4)
  A phantom (D:3)
  A necrophage (D:4)
  A hound (D:4)
  Jessica (D:3)
  Natasha (D:2)
  Robin (D:3)
  2 adders
  2 worms
  4 dart slugs
  5 orcs
  A ball python (D:2)
  8 endoplasms
  A giant cockroach (D:3)
  8 goblins
  6 hobgoblins
  2 jackals (D:1)
  4 bats
  4 frilled lizards
  11 kobolds
  3 rats
68 creatures vanquished.

Vanquished Creatures (others)
  2 withered plants (D:3)
2 creatures vanquished.

Grand Total: 70 creatures vanquished

Notes
Turn   | Place    | Note
-------+----------+-------------------------------------------
     0 | D:1      | bmack86 the Minotaur Fighter began the quest for the Orb.
     0 | D:1      | Reached XP level 1. HP: 19/19 MP: 0/0
   225 | D:1      | Reached XP level 2. HP: 27/27 MP: 1/1
   811 | D:2      | Reached XP level 3. HP: 31/33 MP: 2/2
  1102 | D:2      | Noticed Natasha
  1109 | D:2      | Killed Natasha
  1110 | D:2      | Reached XP level 4. HP: 39/40 MP: 3/3
  1191 | D:3      | Noticed Robin
  1191 | D:3      | Noticed Jessica
  1193 | D:3      | Reached skill level 1 in Throwing
  1196 | D:3      | Killed Robin
  1202 | D:3      | Killed Jessica
  1262 | D:3      | Found an ancient bone altar of Kikubaaqudgha.
  1473 | D:3      | Found a glowing silver altar of Zin.
  1520 | D:3      | Found a sacrificial altar of Ru.
  1536 | D:3      | Found an iron altar of Okawaru.
  1545 | D:3      | Became a worshipper of Warmaster Okawaru
  1551 | D:3      | Reached XP level 5. HP: 47/47 MP: 4/4
  1782 | D:3      | Found a hazy altar of Hepliaklqana.
  1951 | D:4      | Noticed a phantom
  1966 | D:3      | Killed a phantom
  2031 | D:4      | Noticed Sigmund
  2063 | D:4      | Killed Sigmund
  2063 | D:4      | Reached * piety under Okawaru
  2064 | D:4      | Reached skill level 5 in Axes
  2064 | D:4      | Reached skill level 1 in Invocations
  2064 | D:4      | Reached XP level 6. HP: 19/55 MP: 4/6
  2363 | D:4      | Reached skill level 5 in Shields
  2454 | D:4      | Noticed Menkaure
  2458 | D:4      | Noticed Ijyb
  2463 | D:4      | Slain by Menkaure

Illustrated notes

Levels and vault maps discovered:
D:1:      minmay_arrival_cross, layout_basic
D:2:      minmay_spotlight, layout_rooms, uniq_natasha
D:3:      layout_loops_ring, worldfamousw_hep_ancestral_shrine,
          mainiacjoe_overflow_tiny_flanked, kiku_gazebo_garden_becter,
          mainiacjoe_overflow_six_doors_small, okawaru_metal_pillars_3,
          uniq_robin, uniq_jessica
D:4:      layout_cave_pools, nicolae_overflow_squiral, reono_crystal_passage,
          uniq_menkaure, uniq_blork_the_orc, uniq_ijyb, uniq_sigmund

Skill      XL: |  1  2  3  4  5  6 |
---------------+-------------------+-----
Axes           | 3 4 5 |  5.3
Fighting       | 4 |  4.9
Armour         | 4 |  4.9
Shields        | 4 5 |  5.0
Throwing       | 1 2 |  2.3
Invocations    | 1 |  1.6

Action                   |  1- 3 |  4- 6 || total
-------------------------+-------+-------++-------
Melee: War axe           |    69 |    90 ||   159
       Headbutt          |    12 |    12 ||    24
  Use: Scroll            |       |     8 ||     8
       Potion            |       |     1 ||     1
Armor: Plate armour      |    65 |    59 ||   124
       Scale mail        |     4 |       ||     4
Dodge: Dodged            |    27 |    28 ||    55
Block: Buckler           |    16 |    26 ||    42

Table legend: (Time is in decaauts)
 A = Elapsed time spent in this place.
 B = Non-inter-level travel time spent in this place.
 C = Inter-level travel time spent in this place.
 D = Time resting spent in this place.
 E = Time spent auto-exploring this place.
 F = Levels seen in this place.
 G = Mean time per level.
                   A        B        C        D        E       F      G
               +--------+--------+--------+--------+--------+-----+--------+
         Total |   2526 |   2472 |     54 |    277 |   1379 |   4 |  631.5 |
       Dungeon |   2526 |   2472 |     54 |    277 |   1379 |   4 |  631.5 |
               +--------+--------+--------+--------+--------+-----+--------+

Top non-repeatable levels by time:
     D:3: 1064 daAuts
     D:1: 733 daAuts
     D:2: 484 daAuts
     D:4: 243 daAuts
